 Dungeon Crawl Stone Soup version 0.30-a0-6-g7c9e10e132 (webtiles) character file.

Game seed: 5833953924317778063

1403 Sobieck the Geomancer (level 8, -1/36 HPs)
             Began as a Spriggan Earth Elementalist on Aug 22, 2022.
             Succumbed to a kobold brigand's curare-tipped dart
             ... on level 6 of the Dungeon.
             The game lasted 00:10:03 (6564 turns).

Sobieck the Geomancer (Spriggan Earth Elementalist) Turns: 6564, Time: 00:10:04

Health: -1/36      AC:  2    Str:  4    XL:     8   Next: 42%
Magic:  11/13      EV: 17    Int: 18    God:
Gold:   387        SH:  0    Dex: 16    Spells: 9/13 levels left

rFire   . . .      SeeInvis +    b - +5 sling (vorpal)
rCold   . . .      Faith    .    (no shield)
rNeg    . . .      Spirit   .    a - +0 robe
rPois   .          Reflect  .    (helmet restricted)
rElec   .          Harm     .    (no cloak)
rCorr   .          Rampage  .    (gloves unavailable)
Will    +....                    (boots unavailable)
Stlth   ++........               (no amulet)
HPRegen 0.12/turn                (no ring)
MPRegen 0.13/turn                (no ring)

@: lethally poisoned (-1 -> -25), slowed, quick
A: very small, no large weapons, unfitting armour, see invisible, speed 3
a: no special abilities


You were on level 6 of the Dungeon.
You visited 1 branch of the dungeon, and saw 6 of its levels.
You also visited: Ossuary.

You collected 387 gold pieces.


Innate Abilities, Weirdness & Mutations

You are very small and have problems with some larger weapons.
You are too small for most types of armour.
You have supernaturally acute eyesight. (SInv)
You cover ground extremely quickly. (Speed+++)


   Skills:
 - Level 3.0 Dodging
 - Level 3.0 Stealth
 - Level 3.0 Spellcasting
 - Level 2.0 Transmutations
 * Level 9.8 Earth Magic


You had 9 spell levels left.
You knew the following spells:

 Your Spells              Type           Power      Damage    Failure   Level
a - Sandblast             Erth           76%        2d16      1%          1
b - Stone Arrow           Conj/Erth      40%        3d9       6%          3

Your spell library contained the following spells:

 Spells                   Type           Power      Damage    Failure   Level
 Passwall                 Tmut/Erth      20%        N/A       2%          2
 Petrify                  Tmut/Erth      24%        N/A       14%         4
 Ozocubu's Armour         Ice            2%         N/A       43%         3
 Statue Form              Tmut/Erth      16%        N/A       91%         6
 Metabolic Englaciation   Hex/Ice        1%         N/A       99%         5
 Simulacrum               Ice/Necr       1%         N/A       100%        6

Inventory:

Hand Weapons
 b - a +5 vorpal sling (weapon)
   (You took it off a goblin on level 4 of the Dungeon)
 d - a +0 dagger of chaos {short}
   (You took it off a goblin on level 1 of the Dungeon)
Missiles
 e - 41 stones {throwing}
 h - 8 atropa-tipped darts {throwing}
 q - 4 boomerangs {throwing}
 u - 11 poisoned darts {throwing}
Armour
 a - a +0 robe (worn)
 f - a +0 robe
   (You found it on level 1 of the Dungeon)
 o - a +0 robe
   (You found it on level 5 of the Dungeon)
 s - a +0 robe
   (You took it off an orc wizard on level 4 of the Dungeon)
 w - a +0 robe
   (You found it on level 6 of the Dungeon)
Magical Staves
 v - a staff of air {!astaff}
   (You found it on level 4 of the Dungeon)
Wands
 g - a wand of flame (5)
   (You found it on level 6 of the Dungeon)
Scrolls
 j - a scroll of butterflies {unknown}
 n - a scroll of teleportation {@r4}
 x - a scroll of immolation {!r!r}
 y - a scroll of magic mapping {unknown}
Potions
 c - 4 potions of curing {@q1}
 i - 2 potions of flight {unknown}
 k - a potion of ambrosia {unknown}
 l - 6 potions of mutation {!q}
 m - 2 potions of cancellation {unknown}
 p - 2 potions of berserk rage {unknown}
 r - 3 potions of attraction {unknown}
 t - 3 potions of magic
 z - 2 potions of might {unknown}
 A - 2 potions of resistance {unknown}

Dungeon Overview and Level Annotations

Branches:
Dungeon (6/15) Zot: 26086 Ossuary (visited)
 Temple: D:4-7

Altars:

Annotations:
D:3 Ijyb

.....# ... #.... #### #....# #.#
#..#. #... #....# #.# #....
....#.#..# #.# #.... ####
#..#.#..# #.# ###..#. ).K#
....#..# ####.####....#.
##.#########...K# #...........##.
...............h###.##.####.#.<#.
##.#########....@##.##.####.#####
#.........'.....>..##.##.#......
###########...#######....#######
##### ####.##### #.....# #####.#
#.# #.# #.#


You could see a kobold brigand and a hound.


Message History

You climb downwards.
There is a stone staircase leading up here.
Unknown command.
Unknown command.
You now have 387 gold pieces (gained 4).
A kobold brigand and 3 kobolds come into view.
The kobold brigand is wielding a +0 short sword and quivering curare-tipped darts.
The kobold brigand shouts!
The kobold shouts! x2
The kobold throws a stone.
The stone closely misses you.
Danger!
You shoot a sling bullet. The kobold shouts!
The sling bullet hits the kobold.
You kill the kobold!
The blast of sand hits the kobold brigand!
The blast of sand hits the kobold brigand.
The blast of sand hits the kobold brigand.
The kobold brigand throws a curare-tipped dart.
The curare-tipped dart hits you.
You are poisoned.
You have difficulty breathing.
You feel yourself slow down.
You are too injured to fight recklessly!
You are too injured to fight recklessly!
Unknown command.
Casting: Sandblast (safe; 1% risk of failure)
Confirm with . or Enter, or press ? or * to list all spells.
Aiming: Sandblast (safe; 1% risk of failure)
Press: ? - help, Shift-Dir - straight line, f/p - kobold brigand
Aim: a kobold brigand, wielding a +0 short sword and quivering curare-tipped darts (severely wounded, 80% to hit)
The blast of sand hits the kobold brigand!
You kill the kobold brigand!
* * * LOW HITPOINT WARNING * * *
You feel extremely sick.
Casting: Sandblast (safe; 1% risk of failure)
Confirm with . or Enter, or press ? or * to list all spells.
Aiming: Sandblast (safe; 1% risk of failure)
Press: ? - help, Shift-Dir - straight line, f - kobold
Aim: a kobold, wielding a +0 club (80% to hit)
The blast of sand hits the kobold.
You kill the kobold!
* * * LOW HITPOINT WARNING * * *
You feel very sick. The kobold misses you.
Casting: Sandblast (safe; 1% risk of failure)
Confirm with . or Enter, or press ? or * to list all spells.
Aiming: Sandblast (safe; 1% risk of failure)
Press: ? - help, Shift-Dir - straight line, f - kobold
Aim: a kobold, wielding a +0 dagger (80% to hit)
The blast of sand misses the kobold.
You feel very sick. The kobold barely misses you.
The kobold closely misses you.
Casting: Sandblast (safe; 1% risk of failure)
Confirm with . or Enter, or press ? or * to list all spells.
Aiming: Sandblast (safe; 1% risk of failure)
Press: ? - help, Shift-Dir - straight line, f/p - kobold
Aim: a kobold, wielding a +0 dagger (80% to hit)
The blast of sand hits the kobold!!
You kill the kobold!
You feel sick.
You feel better.
Unknown command.
Unknown command.
You feel yourself speed up.
There is a stone staircase leading up here.
Unknown command.
Unknown command.
There is a stone staircase leading down here.
The kobold brigand shouts!
Danger!
You shoot a sling bullet.
The sling bullet closely misses the kobold brigand.
The hound barks!
The kobold brigand throws a curare-tipped dart.
The curare-tipped dart hits you.
You are poisoned.
You have difficulty breathing.
You feel yourself slow down.
Casting: Sandblast (safe; 1% risk of failure)
Confirm with . or Enter, or press ? or * to list all spells.
Aiming: Sandblast (safe; 1% risk of failure)
Press: ? - help, Shift-Dir - straight line, f/p - kobold brigand
Aim: a kobold brigand, wielding a +0 dagger, wearing a +0 chain mail and quivering curare-tipped darts (84% to hit)
The blast of sand misses the kobold brigand.
You feel very sick.
The kobold brigand throws a curare-tipped dart.
The curare-tipped dart hits you.
You are lethally poisoned!
You have difficulty breathing.
* * * LOW HITPOINT WARNING * * *
You feel as though you will be slow longer.
The kobold brigand throws a curare-tipped dart.
The curare-tipped dart misses you.
Casting: Sandblast (safe; 1% risk of failure)
Confirm with . or Enter, or press ? or * to list all spells.
Aiming: Sandblast (safe; 1% risk of failure)
Press: ? - help, Shift-Dir - straight line, f/p - kobold brigand
Aim: a kobold brigand, wielding a +0 dagger, wearing a +0 chain mail and quivering curare-tipped darts (84% to hit)
The blast of sand hits the hound.
You die...

Skill      XL: |  1  2  3  4  5  6  7  8 |
---------------+-------------------------+-----
Earth Magic    | 3 4 5 7 8 9 |  9.8
Dodging        | 3 |  3.0
Spellcasting   | 3 |  3.0
Transmutations | 2 |  2.0
Stealth        | |  3.0

Action                   |  1- 3 |  4- 6 |  7- 9 || total
-------------------------+-------+-------+-------++-------
Melee: Dagger            |     1 |       |       ||     1
 Fire: Sling             |       |    12 |   100 ||   112
 Cast: Sandblast         |    66 |   108 |    53 ||   227
  Use: Scroll            |       |    10 |       ||    10
       Potion            |       |       |     1 ||     1
Armor: Robe              |     1 |     2 |     4 ||     7
Dodge: Dodged            |    22 |    48 |    38 ||   108

Levels and vault maps discovered:
D:1:      co_arrival_random_square_maze, layout_rooms, minmay_gold_behind_fungi,
          nrook_loot_triangle, minivault_25, serial_bayou_pond_b,
          chequers_mini_garden
D:2:      layout_basic, hellmonk_ecumenical_altar_inner_sanctum
D:3:      layout_basic, uniq_ijyb
D:4:      minmay_chambers_of_fours, layout_rooms, minmay_bent
D:5:      layout_basic
D:6:      layout_basic, minmay_temple_entry_trees,
          nicolae_ossuary_entry_catacombs, dk_noncrumbling_2

Notes
Turn   | Place    | Note
-------+----------+-------------------------------------------
     0 | D:1      | Sobieck the Spriggan Earth Elementalist began the quest for
                  | the Orb.
     0 | D:1      | Reached XP level 1. HP: 9/9 MP: 5/5
    41 | D:1      | You pick up a book of Sloth and begin reading...
    41 | D:1      | You add the spells Metabolic Englaciation and Statue Form
                  | to your library.
   241 | D:1      | You pick up a book of Winter and begin reading...
   241 | D:1      | You add the spells Ozocubu's Armour and Simulacrum to your
                  | library.
   341 | D:1      | Reached XP level 2. HP: 13/13 MP: 1/6
   392 | D:1      | Reached skill level 3 in Earth Magic
   407 | D:1      | Reached skill level 3 in Dodging
   595 | D:1      | Reached skill level 3 in Spellcasting
   627 | D:1      | Reached skill level 2 in Transmutations
  1217 | D:2      | Reached XP level 3. HP: 16/16 MP: 6/8
  1432 | D:2      | Found a faded altar of an unknown god.
  2197 | D:3      | Reached skill level 4 in Earth Magic
  2201 | D:3      | Reached XP level 4. HP: 21/21 MP: 4/9
  2244 | D:3      | Noticed Ijyb
  3054 | D:4      | Reached XP level 5. HP: 15/24 MP: 3/10
  3060 | D:4      | Reached skill level 5 in Earth Magic
  3605 | D:4      | Reached XP level 6. HP: 28/28 MP: 4/11
  3629 | D:4      | Reached skill level 6 in Earth Magic
  4124 | D:5      | Entered Level 5 of the Dungeon
  4751 | D:5      | Learned a level 3 spell: Stone Arrow
  5132 | D:6      | Reached skill level 7 in Earth Magic
  5271 | D:6      | Reached XP level 7. HP: 32/32 MP: 8/12
  5394 | D:6      | Reached skill level 8 in Earth Magic
  5507 | D:6      | Found a sand-covered staircase.
  5539 | Ossuary  | Entered an ossuary
  5713 | Ossuary  | Reached XP level 8. HP: 34/36 MP: 9/13
  5759 | Ossuary  | Reached skill level 9 in Earth Magic
  6373 | D:6      | HP: 9/36 [poisoned by a kobold brigand (curare-tipped
                  | dart)]
  6563 | D:6      | HP: 9/36 [asphyx]
  6564 | D:6      | Succumbed to a kobold brigand's curare-tipped dart

Vanquished Creatures
  A water moccasin (D:6)
  2 black bears (D:6)
  An ogre (D:5)
  A phantom (D:6)
  A kobold brigand (D:6)
  2 elf zombies
  2 elf skeletons (D:6)
  A scorpion (D:6)
  2 centaur zombies (Ossuary)
  2 hounds (D:4)
  2 human zombies
  A human skeleton (D:6)
  3 iguanas
  An orc wizard (D:4)
  2 mummies (Ossuary)
  A gnoll (D:4)
  7 adders
  A shadow imp (D:6)
  2 ufetubi (D:5)
  2 worms
  3 adder zombies (Ossuary)
  A dart slug (D:2)
  15 orcs
  9 bats
  6 endoplasms
  4 giant cockroaches
  11 goblins
  10 hobgoblins
  2 jackals (D:4)
  3 quokkas
  4 ball pythons
  2 frilled lizards (D:3)
  A goblin zombie (Ossuary)
  12 hobgoblin zombies (Ossuary)
  A jackal zombie (Ossuary)
  9 kobolds
  7 kobold zombies (Ossuary)
  An orc skeleton (D:6)
  5 orc zombies (Ossuary)
  7 rats
  4 rat zombies (Ossuary)
154 creatures vanquished.

Vanquished Creatures (others)
  5 toadstools (D:1)
5 creatures vanquished.

Grand Total: 159 creatures vanquished

Table legend:
 A = Non-vault XP
 B = Vault XP
 C = Vault XP percentage of total XP
 D = Non-vault monster count
 E = Vault monster count
 F = Vault count percentage of total count
                 A         B        C        D         E       F
            +---------+---------+-------+---------+---------+-------
      Total |    1222 |     783 |  39.1 |      95 |      59 |  38.3
            +---------+---------+-------+---------+---------+-------
        D:1 |      28 |       4 |  12.5 |      18 |       2 |  10.0
        D:2 |      36 |       0 |   0.0 |      10 |       0 |   0.0
        D:3 |      50 |       0 |   0.0 |      21 |       0 |   0.0
        D:4 |     196 |     123 |  38.6 |      27 |      12 |  30.8
        D:5 |     203 |       0 |   0.0 |       6 |       0 |   0.0
        D:6 |     709 |     338 |  32.3 |      13 |       6 |  31.6
    Ossuary |       0 |     318 | 100.0 |       0 |      39 | 100.0
            +---------+---------+-------+---------+---------+-------

Illustrated notes

Table legend:
 A = Kills in this place as a percentage of kills in entire the game.
 B = Kills by you in this place as a percentage of kills by you in the entire game.
 C = Kills by friends in this place as a percentage of kills by friends in the entire game.
 D = Other kills in this place as a percentage of other kills in the entire game.
 E = Experience gained in this place as a percentage of experience gained in the entire game.
 F = Experience gained in this place divided by the number of levels of this place that you have seen.
                   A       B       C       D       E      F
               +-------+-------+-------+-------+-------+----------------------
         Total | 100.0 | 100.0 |   N/A |   N/A | 100.0 | 286.4
       Dungeon |  74.7 |  74.7 |   N/A |   N/A |  84.1 | 281.2
       Ossuary |  25.3 |  25.3 |   N/A |   N/A |  15.9 | 318.0
               +-------+-------+-------+-------+-------+----------------------

Table legend: (Time is in decaauts)
 A = Elapsed time spent in this place.
 B = Non-inter-level travel time spent in this place.
 C = Inter-level travel time spent in this place.
 D = Time resting spent in this place.
 E = Time spent auto-exploring this place.
 F = Levels seen in this place.
 G = Mean time per level.
                   A        B        C        D        E       F      G
               +--------+--------+--------+--------+--------+-----+--------+
         Total |   5255 |   5125 |    130 |    794 |   3398 |   7 |  750.7 |
       Dungeon |   4892 |   4762 |    130 |    790 |   3262 |   6 |  815.3 |
       Ossuary |    362 |    362 |      0 |      4 |    135 |   1 |  362.0 |
               +--------+--------+--------+--------+--------+-----+--------+

Top non-repeatable levels by time:
     D:4: 913 daAuts
     D:2: 829 daAuts
     D:6: 815 daAuts
     D:3: 810 daAuts
     D:1: 801 daAuts
     D:5: 721 daAuts
 Ossuary: 362 daAuts
